 Dungeon Crawl Stone Soup version 0.30.0-5-g1a98f26d00 (webtiles) character file.

Game seed: 4816819871947503306

3966 SnakkuSnakku7 the Skirmisher (level 10, -2/60 HPs)
             Began as a Tengu Enchanter on May 9, 2023.
             Was a Believer of Dithmenos.
             Slain by a killer bee (7 damage)
             ... on level 9 of the Dungeon.
             The game lasted 00:10:17 (7961 turns).

SnakkuSnakku7 the Skirmisher (Tengu Enchanter)      Turns: 7961, Time: 00:10:18

Health: -2/60      AC:  6    Str: 15    XL:     10   Next: 22%
Magic:  14/14      EV: 20    Int: 13    God:    Dithmenos [**....]
Gold:   259        SH:  0    Dex: 19    Spells: 13/13 levels left

rFire   + . .        s - +10 whip of Sharkskin {flame, Fly rC- Str+6}
rCold   . . .        (no shield)
rNeg    . . .        r - +2 leather armour of Jienoocu {Rampage Stlth+}
rPois   +            (helmet restricted)
rElec   +            g - +0 cloak
rCorr   +            (no gloves)
SInv    .            (boots unavailable)
Will    .....        (no amulet)
Stlth   ++++         (no ring)
HPRegen 0.30/turn    (no ring)
MPRegen 0.14/turn

%: rampage
@: resistant, flying quickly and evasively, wreathed by umbra, quick
A: beak, talons 3, nimble flight, dopey 1
a: Renounce Religion, Shadow Step


You were on level 9 of the Dungeon.
You worshipped Dithmenos.
Dithmenos was pleased with you.
You visited 2 branches of the dungeon, and saw 12 of its levels.

You collected 461 gold pieces.
You spent 202 gold pieces at shops.

Inventory:

Hand Weapons
 a - a +1 dagger
 s - the +10 whip of Sharkskin (weapon) {flame, Fly rC- Str+6}
   (You found it on level 3 of the Dungeon)

   Str:       It affects your strength (+6).
   rC:        It makes you vulnerable to cold.
   Fly:       It grants you flight.
 v - a +0 sling
Missiles
 E - 2 throwing nets (quivered)
Armour
 b - a +0 robe
 g - a +0 cloak (worn)
 j - a +0 ring mail
 r - the +2 leather armour of Jienoocu (worn) {Rampage Stlth+}
   (You found it on level 3 of the Dungeon)

   Rampage:   It bestows one free step when moving towards enemies.
   Stlth:     It makes you more stealthy.
 y - a +0 cloak
 F - a scarf of resistance
Wands
 e - a wand of digging (3)
 q - a wand of mindburst (1)
Scrolls
 f - a scroll of enchant armour {unknown}
 l - a scroll of fog {unknown}
 n - 3 scrolls of magic mapping {unknown}
 o - 2 scrolls of torment {unknown}
 p - 5 scrolls of vulnerability {unknown}
 u - 5 scrolls of teleportation
 x - a scroll of immolation {unknown}
 A - a scroll of enchant weapon
 C - a scroll of blinking {unknown}
 D - a scroll of noise {unknown}
 G - a scroll of poison {unknown}
Potions
 c - 2 potions of invisibility
 d - a potion of ambrosia
 h - 4 potions of resistance
 i - 3 potions of haste
 k - 2 potions of curing
 m - 2 potions of mutation
 t - 2 potions of cancellation
 w - 3 potions of might
 z - 2 potions of attraction
 B - 2 potions of heal wounds {unknown}


   Skills:
 + Level 6.0 Fighting
 - Level 1.1 Short Blades
 - Level 12.0 Ranged Weapons
 - Level 8.0 Dodging
 - Level 3.0 Stealth
 - Level 2.0 Spellcasting
 - Level 2.1 Hexes
 - Level 0.3 Evocations


You had 13 spell levels left.
You didn't know any spells.
Your spell library contained the following spells:

 Spells                   Type           Power      Damage    Failure   Level
 Ensorcelled Hibernation  Hex/Ice        8%         N/A       30%         2
 Confusing Touch          Hex            6%         N/A       36%         3
 Tukima's Dance           Hex            6%         N/A       36%         3
 Dazzling Flash           Conj/Hex       8%         N/A       52%         3
 Portal Projectile        Hex/Tloc       8%         N/A       52%         3
 Call Canine Familiar     Summ           1%         N/A       67%         3
 Ozocubu's Armour         Ice            1%         N/A       67%         3
 Stone Arrow              Conj/Erth      2%         3d7       67%         3
 Leda's Liquefaction      Hex/Erth       2%         N/A       89%         4
 Animate Armour           Summ/Erth      2%         N/A       97%         4
 Passage of Golubria      Tloc           1%         N/A       97%         4
 Metabolic Englaciation   Hex/Ice        2%         N/A       99%         5
 Yara's Violent Unravell  Hex/Tmut       2%         3d3       99%         5
 Simulacrum               Ice/Necr       0%         N/A       100%        6
 Lehudib's Crystal Spear  Conj/Erth      0%         10d2      100%        8


Dungeon Overview and Level Annotations

Branches:
Dungeon (11/15)            Temple (1/1) D:6            Lair (0/5) D:8
    Orc: D:9-12

Altars:
Ashenzari
Cheibriados
Dithmenos
Elyvilon
Fedhas
Gozag
Kikubaaqudgha
Makhleb
Qazlal
Ru
Sif Muna
Trog
Vehumet
Wu Jian
Xom
Yredelemnul
Zin
The Shining One

Shops:
D:6 *


Innate Abilities, Weirdness & Mutations

You have a beak for a mouth.
You have claws for feet.
Your magical nature lets you fly swiftly and evasively.
You are dopey. (Int -2)


Message History

You hear a bellow!
A yak comes into view.
Aiming: Mindburst
Press: ? - help, Shift-Dir - straight line, f/p - meliai
Aim: a meliai, wielding a +0 hand axe and wearing a +0 leather armour (heavily wounded, umbra, chance to affect: 66%)
The meliai struggles to resist.
The meliai calls down the wrath of its god upon you.
Something smites you!
You hit the meliai. You burn the meliai. You peck the meliai, but do no damage.
The meliai is severely wounded.
The meliai hits you with a +0 hand axe. The meliai misses you.
The meliai invokes the aid of its god against you.
Something smites you!
You hit the meliai but do no damage. Your kick misses the meliai.
You peck the meliai, but do no damage.
The meliai is severely wounded.
The meliai hits you with a +0 hand axe!
* * * LOW HITPOINT WARNING * * *
The meliai misses you. The killer bee misses you.
The meliai hits you with a +0 hand axe.
* * * LOW HITPOINT WARNING * * *
The meliai misses you. The killer bee misses you. The meliai misses you. x2
The killer bee completely misses you.
You whack the meliai! You burn the meliai.
You kill the meliai!
Dithmenos accepts your kill. The killer bee stings you.
* * * LOW HITPOINT WARNING * * *
The killer bee misses you.
Your Fighting skill increases to level 6!
Okay, then.
Okay, then.
Okay, then.
Okay, then.
It was a potion of resistance.
You feel protected. The killer bee misses you. The yak gores you.
* * * LOW HITPOINT WARNING * * *
The killer bee stings you!
You die...

#.###...###...............
#.# #...###..########.....
#.# #........# .......
#.###...###..# .......
#.#....#####.# .......
#<#.)...#:#..# .......
#.#..##...#..# ...#...
#.#.###...##)# ......
#.#.##...@##.#
#...##_..yY.........
##..##.......#..####
#..###...##.#?.#
#...###..##......
###..###.##......#
#..#####......# ...#
.......# .#..


You could see a yak and a killer bee.

Vanquished Creatures
  A kobold demonologist (D:8)
  A troll (D:9)
  A meliai (D:9)
  A shadow (D:11)
  A wyvern (D:9)
  Menkaure (D:6)
  3 water moccasins
  An acid dragon (D:11)
  A sky beast (D:6)
  2 ice beasts
  4 ogres
  A kobold brigand (D:9)
  3 bullfrogs
  2 scorpions
  6 wights
  8 killer bees
  A howler monkey (D:6)
  2 quasits (D:6)
  4 hounds
  Crazy Yiuf (D:5)
  A gnoll bouda (D:6)
  2 iguanas (D:5)
  Natasha (thrice) (D:4)
  7 orc wizards
  4 adders
  3 gnolls (D:6)
  2 shadow imps
  A white imp (D:6)
  An ufetubus (D:5)
  2 worms (D:2)
  2 dart slugs
  22 orcs
  9 endoplasms
  5 giant cockroaches
  6 goblins
  10 hobgoblins
  9 jackals
  A quokka (D:5)
  8 ball pythons
  2 bats (D:1)
  6 frilled lizards
  4 kobolds
  4 rats
159 creatures vanquished.

Notes
Turn   | Place    | Note
-------+----------+-------------------------------------------
     0 | D:1      | SnakkuSnakku7 the Tengu Enchanter began the quest for the
                  | Orb.
     0 | D:1      | Reached XP level 1. HP: 10/10 MP: 4/4
    69 | D:1      | Reached skill level 1 in Fighting
   180 | D:1      | Reached XP level 2. HP: 16/16 MP: 6/6
   677 | D:1      | Reached XP level 3. HP: 22/22 MP: 7/7
  1210 | D:2      | Reached XP level 4. HP: 22/28 MP: 8/8
  1842 | D:3      | Found a broken altar of Ashenzari.
  2086 | D:3      | Identified the +2 leather armour of Jienoocu {Rampage
                  | Stlth+}
  2103 | D:3      | Identified the +10 whip of Sharkskin {flame, Fly rC- Str+6}
  2556 | D:4      | Noticed a scorpion
  2562 | D:4      | Killed a scorpion
  2563 | D:4      | Reached skill level 2 in Ranged Weapons
  2563 | D:4      | Gained mutation: Your magical nature lets you fly swiftly
                  | and evasively. [Tengu growth]
  2563 | D:4      | Reached XP level 5. HP: 30/34 MP: 9/9
  2581 | D:4      | Reached skill level 3 in Ranged Weapons
  2843 | D:4      | Found an ornate altar of the Wu Jian Council.
  3070 | D:4      | Noticed Natasha
  3076 | D:4      | Killed Natasha
  3077 | D:4      | Reached XP level 6. HP: 30/39 MP: 10/10
  3077 | D:4      | Noticed Natasha
  3084 | D:4      | Killed Natasha
  3090 | D:4      | Noticed Natasha
  3093 | D:4      | Killed Natasha
  3094 | D:4      | Reached skill level 4 in Ranged Weapons
  3216 | D:5      | Entered Level 5 of the Dungeon
  3231 | D:5      | Reached skill level 5 in Ranged Weapons
  3351 | D:5      | Noticed an ice beast
  3409 | D:5      | Reached skill level 6 in Ranged Weapons
  3409 | D:5      | Reached XP level 7. HP: 44/44 MP: 11/11
  3574 | D:5      | Reached skill level 7 in Ranged Weapons
  3737 | D:5      | Found a runed translucent door.
  3738 | D:5      | Noticed Crazy Yiuf
  3904 | D:5      | Reached skill level 8 in Ranged Weapons
  3904 | D:5      | Reached XP level 8. HP: 48/48 MP: 12/12
  3961 | D:5      | Found an opulent altar of Gozag.
  3961 | D:5      | Found a burning altar of Makhleb.
  4032 | D:5      | Killed Crazy Yiuf
  4069 | D:6      | Noticed Menkaure
  4296 | D:6      | Killed Menkaure
  4297 | D:6      | Reached skill level 9 in Ranged Weapons
  4304 | D:6      | Found a staircase to the Ecumenical Temple.
  4313 | Temple   | Entered the Ecumenical Temple
  4435 | Temple   | Became a worshipper of Dithmenos the Shadowed
  4713 | D:6      | Reached skill level 10 in Ranged Weapons
  4723 | D:6      | Found Puleg's Assorted Antiques.
  4732 | D:6      | Bought a ruby potion for 23 gold pieces
  4732 | D:6      | Bought a white potion for 23 gold pieces
  4732 | D:6      | Bought a scroll labelled ATACWI WETODGH for 26 gold pieces
  4732 | D:6      | Bought a scroll labelled LIZUAGH WEAHE for 26 gold pieces
  4732 | D:6      | Bought a scroll of identify for 52 gold pieces
  4732 | D:6      | Bought a scroll of identify for 52 gold pieces
  5291 | D:7      | Reached XP level 9. HP: 51/52 MP: 13/13
  5298 | D:7      | Reached skill level 11 in Ranged Weapons
  5326 | D:7      | Reached * piety under Dithmenos
  5795 | D:8      | Noticed a kobold demonologist
  5820 | D:7      | Reached skill level 12 in Ranged Weapons
  5978 | D:8      | Gained mutation: You are dopey. (Int -2) [a neqoxec]
  5979 | D:8      | Killed a kobold demonologist
  6142 | D:8      | Reached skill level 5 in Dodging
  6282 | D:8      | Found a staircase to the Lair.
  6473 | D:8      | You are sucked into a shaft and drop 3 floors!
  6566 | D:10     | Entered Level 10 of the Dungeon
  6770 | D:9      | Reached XP level 10. HP: 46/58 MP: 14/14
  6881 | D:9      | Reached skill level 5 in Fighting
  7009 | D:9      | Found an ancient bone altar of Kikubaaqudgha.
  7009 | D:9      | Noticed a two-headed ogre
  7021 | D:9      | HP: 1/59 [troll (8)]
  7948 | D:9      | Reached ** piety under Dithmenos
  7961 | D:9      | Slain by a killer bee

Illustrated notes

Levels and vault maps discovered:
D:1:      dpeg_arrival_another_circle, layout_loops_ring,
          corexii_item_surrounded_by_moat
D:2:      layout_basic
D:3:      layout_basic, cheibrodos_ashenzari_chains
D:4:      layout_basic, mainiacjoe_overflow_surrounded_room, uniq_natasha
D:5:      layout_rooms, gammafunk_temple_overflow_elements,
          uniq_crazy_yiuf_cottage
D:6:      cheibrodos_quashed, layout_cave_pools, temple_hall, serial_shops,
          shop, uniq_menkaure
D:7:      layout_loops_cross
D:8:      layout_layer_cave, lair_entry_dummy
D:9:      kennysheep_steamy, layout_basic, david_orc_2,
          biasface_ghost_orc_armoury, minmay_ruined_shrine
D:10:     layout_cave_pods, minmay_shop_damaged
D:11:     layout_grid_maze, serial_rivers, chequers_serial_rivers_micro_e,
          chequers_serial_rivers_micro_e, chequers_serial_rivers_micro_e,
          chequers_serial_rivers_large_a, chequers_serial_rivers_micro_a,
          wad_floor_pattern_untrapped, nicolae_gozag_seed_capital
Temple:   dpeg_five_rooms_temple

Skill      XL: |  1  2  3  4  5  6  7  8  9 10 |
---------------+-------------------------------+-----
Fighting       | 1 2 3 4 6 |  6.0
Ranged Weapons | 2 3 6 8 10 12 | 12.0
Dodging        | 7 8 |  8.0
Short Blades   | |  1.1
Stealth        | |  3.0
Spellcasting   | |  2.0
Hexes          | |  2.1
Evocations     | |  0.3

Action                     |  1- 3 |  4- 6 |  7- 9 | 10-12 || total
---------------------------+-------+-------+-------+-------++-------
  Melee: Dagger            |   138 |    62 |       |       ||   200
         Kick              |    29 |    31 |    43 |    14 ||   117
         Peck              |    24 |    21 |    20 |    12 ||    77
         Punch             |     2 |     1 |       |       ||     3
         Whip              |       |    52 |   166 |    42 ||   260
  Evoke: Wand              |       |       |     4 |     2 ||     6
    Use: Scroll            |       |     5 |     7 |     2 ||    14
         Potion            |       |       |     2 |     1 ||     3
   Stab: Sleeping          |     6 |     8 |     9 |     2 ||    25
         Distracted        |       |       |     1 |       ||     1
 Armour: Robe              |    13 |       |       |       ||    13
         Ring mail         |    31 |    26 |       |       ||    57
         Leather armour    |       |    11 |    34 |     5 ||    50
  Dodge: Dodged            |    69 |    67 |   147 |    46 ||   329
